 Dungeon Crawl Stone Soup version 0.19.1-1-g22dce08 (webtiles) character file.

6430 Peloso the Carver (level 10, -8/86 HPs)
             Began as a Ghoul Fighter on Jan 5, 2017.
             Was a High Priest of Okawaru.
             Killed from afar by Fannar (19 damage)
             ... with a bolt of cold
             ... on level 10 of the Dungeon.
             The game lasted 00:30:33 (9169 turns).

Peloso the Carver (Ghoul Fighter)                   Turns: 9169, Time: 00:30:34

Health: -8/86      AC: 30    Str: 26    XL:     10   Next: 99%
Magic:  9/9        EV:  7    Int:  3    God:    Okawaru [*****.]
Gold:   360        SH: 11    Dex: 14    Spells: 0 memorised, 9 levels left

rFire  . . .     SeeInvis .     L - +0 falchion (protect)
rCold  + . .     Gourm    +     Q - +0 plate armour
rNeg   + + +     Faith    .     c - +0 shield
rPois  ∞         Spirit   .     k - +0 helmet
rElec  .         Reflect  .     x - +2 cloak {+Inv}
rCorr  .         Harm     .     h - +2 pair of gloves
MR     .....                    I - +1 pair of boots
Stlth  ..........               r - amulet of the gourmand
                                S - ring of positive energy
                                t - +3 ring of dexterity

@: mighty, protection aura, rotting
A: rotting body, claws 1, carnivore 3, cold resistance 1, negative energy
resistance 3, slow regeneration 1, torment resistance, unbreathing
a: Heroism, Finesse, Renounce Religion, Evoke Invisibility


You were on level 10 of the Dungeon.
You worshipped Okawaru.
Okawaru was extremely pleased with you.
You were not hungry.

You visited 2 branches of the dungeon, and saw 11 of its levels.

You collected 360 gold pieces.

Inventory:

Hand Weapons
 a - a +1 long sword
 e - a +0 war axe of flaming
 L - a +0 falchion of protection (weapon)
 O - the +4 mace "Xeupli" {antimagic, rPois Str+3 Dex+5}
   (You found it on level 7 of the Dungeon)

   It reduces the magical energy of the wielder, and disrupts the spells and
   magical abilities of those hit.
   Natural abilities and divine invocations are not affected.
   It affects your strength (+3).
   It affects your dexterity (+5).
   It protects you from poison.
Armour
 c - a +0 shield (worn)
 h - a +2 pair of gloves (worn)
 k - a +0 helmet (worn)
 x - a +2 cloak of invisibility (worn)
 I - a +1 pair of boots (worn)
 Q - a +0 plate armour (worn)
Jewellery
 q - the ring of Ru's Castigation {+Fly rN++}
   (You found it on level 6 of the Dungeon)

   [ring of flight]

   It greatly protects you from negative energy.
   It lets you fly.
 r - an amulet of the gourmand (around neck)
 t - a +3 ring of dexterity (left hand)
 S - a ring of positive energy (right hand)
Wands
 b - a wand of iceblast (5/15)
 l - a wand of iceblast (6/15)
 v - a wand of paralysis (13/24)
 H - a wand of slowing (7/48)
 P - a wand of iceblast (5/15)
 R - a wand of enslavement (9/24)
Scrolls
 g - 7 scrolls of remove curse
 i - 2 scrolls of noise {unknown}
 j - a scroll of amnesia
 n - a scroll of fear
 w - 3 scrolls of teleportation
 y - a scroll of identify
Potions
 o - a potion of magic
 s - 2 potions of cancellation
 u - 2 potions of agility
 z - a potion of cure mutation {unknown}
 A - 3 potions of brilliance {unknown}
 B - 4 potions of resistance {unknown}
 C - a potion of heal wounds {unknown}
 D - a potion of haste {unknown}
 E - a potion of mutation {unknown}
 F - 2 potions of flight {unknown}
 G - a potion of ambrosia {unknown}
 J - a potion of invisibility {unknown}
Books
 K - a book of Geomancy

   Spells                             Type                      Level
   a - Sandblast                      Earth                        1
   b - Passwall                       Transmutation/Earth          2
   c - Stone Arrow                    Conjuration/Earth            3
   d - Petrify                        Transmutation/Earth          4
   e - Lee's Rapid Deconstruction     Earth                        5
Comestibles
 f - 2 meat rations
 m - a slice of pizza


   Skills:
 + Level 7.5 Fighting
 + Level 10.3 Long Blades
 + Level 6.5 Armour
 + Level 3.1 Dodging
 + Level 0.8 Stealth
 + Level 6.8 Shields
 + Level 0.7 Invocations
 + Level 0.6 Evocations


You had 9 spell levels left.
You didn't know any spells.

Dungeon Overview and Level Annotations

Branches:
Dungeon (10/15)            Temple (1/1) D:4            Lair (0/6) D:9
    Orc (0/2) D:9

Altars:
Ashenzari
Cheibriados
Dithmenos
Elyvilon
Fedhas
Gozag
Hepliaklqana
Kikubaaqudgha
Makhleb
Nemelex Xobeh
Okawaru
Qazlal
Ru
Sif Muna
Trog
Uskayaw
Vehumet
Xom
Yredelemnul
Zin
The Shining One

Shops:
D:4 :   D:10 ?

Annotations:
D:10 Fannar


Innate Abilities, Weirdness & Mutations

Your body is rotting away.
You thrive on raw meat.
You are immune to poison.
You have sharp fingernails.
You are carnivorous and can eat meat at any time.
Your flesh is cold resistant. (rC+)
You are immune to negative energy. (rN+++)
You regenerate slowly when monsters are visible.
You are immune to unholy pain and torment.
You can survive without breathing.


Message History

Fannar casts a spell.
Fannar drains the heat from the surrounding environment!
You resist.
You feel very cold.
Fannar is frozen.
Fannar resists.
Fannar is heavily wounded.
You block the ice beast's attack.
You hit the ice beast but do no damage.
The ice beast is lightly wounded.
Fannar murmurs some mystic words to himself.
Fannar gestures at you while chanting.
The bolt of cold hits the ice beast.
The ice beast completely resists.
The bolt of cold hits you! You resist.
* * * LOW HITPOINT WARNING * * *
The ice beast hits you.
* * * LOW HITPOINT WARNING * * *
The ice beast freezes you. You resist.
* * * LOW HITPOINT WARNING * * *
You feel better. Fannar gestures at you while chanting.
The bolt of cold misses the ice beast.
The bolt of cold hits you! You resist.
You die...

....# #.......###
....# #.........
....# #.......##
....# #.......# ....#
###...<...# ....#
#####.........#
....###.....#.......#
....#...########.####
....'.### #@# ....###
#Y# ##### #e# ..# $##
.. .. ...


You could see Fannar and an ice beast.

Vanquished Creatures
  A hill giant (D:10)
  Pikel (D:4)
  The ghost of timpakay the Poker, a novice FoAr of Nemelex Xobeh (D:5)
  Maurice (D:8)
  Psyche (D:10)
  4 slime creatures
  A two-headed ogre (D:8)
  2 hippogriffs (D:7)
  A wyvern (D:10)
  A hungry ghost (D:8)
  2 sky beasts
  3 orc warriors
  An eye of draining (D:9)
  A necrophage (D:9)
  3 ogres
  4 centaurs
  4 bullfrogs
  2 centaur zombies
  3 howler monkeys
  3 crimson imps
  5 hounds
  5 orc priests
  A jelly (D:5)
  2 bullfrog skeletons
  2 iguanas
  Ijyb (D:2)
  Terence (D:2)
  9 orc wizards
  5 worker ants
  A killer bee zombie (D:10)
  2 hound skeletons
  Robin (D:2)
  3 gnolls (D:7)
  8 adders
  A shadow imp (D:9)
  9 leopard geckos
  37 orcs
  5 giant cockroaches
  13 hobgoblins
  5 jackals (D:3)
  8 kobolds
  7 quokkas
  A ball python skeleton (D:5)
  6 bats
  6 frilled lizards
  12 goblins
  2 jackal skeletons (D:4)
  2 leopard gecko skeletons
  2 quokka zombies
  2 rats
204 creatures vanquished.

Notes
Turn   | Place    | Note
-------+----------+-------------------------------------------
     0 | D:1      | Peloso the Ghoul Fighter began the quest for the Orb.
     0 | D:1      | Reached XP level 1. HP: 19/19 MP: 0/0
   148 | D:1      | Reached XP level 2. HP: 13/26 MP: 1/1
   178 | D:1      | Reached skill level 2 in Long Blades
   340 | D:1      | Reached XP level 3. HP: 23/31 MP: 2/2
   720 | D:2      | Noticed Robin
   733 | D:2      | Killed Robin
   735 | D:2      | Reached XP level 4. HP: 38/39 MP: 3/3
   806 | D:2      | Noticed Terence
   824 | D:2      | Killed Terence
   824 | D:2      | Reached skill level 1 in Dodging
  1010 | D:2      | Noticed Ijyb
  1035 | D:2      | Killed Ijyb
  1035 | D:2      | Reached skill level 3 in Long Blades
  1035 | D:2      | Reached XP level 5. HP: 45/46 MP: 4/4
  1330 | D:3      | Found a deep blue altar of Sif Muna.
  1563 | D:3      | Found a shimmering altar of Xom.
  1889 | D:4      | Found a staircase to the Ecumenical Temple.
  1897 | Temple   | Entered the Ecumenical Temple
  2011 | Temple   | Became a worshipper of Warmaster Okawaru
  2079 | D:5      | Entered Level 5 of the Dungeon
  2232 | D:4      | Reached XP level 6. HP: 50/52 MP: 5/5
  2291 | D:4      | Noticed a slave
  2291 | D:4      | Noticed a slave
  2292 | D:4      | Noticed a slave
  2293 | D:4      | Noticed Pikel
  2295 | D:4      | Noticed a slave
  2322 | D:4      | Killed Pikel
  2322 | D:4      | Reached * piety under Okawaru
  2322 | D:4      | Reached skill level 5 in Long Blades
  2322 | D:4      | Reached XP level 7. HP: 52/60 MP: 6/6
  2397 | D:4      | Found Laem Ick's Book Shop.
  2401 | D:4      | Found an iron altar of Okawaru.
  2781 | D:5      | Noticed timpakay's ghost (novice FoAr)
  3411 | D:5      | Reached XP level 8. HP: 34/67 MP: 7/7
  3505 | D:5      | Killed timpakay's ghost
  3505 | D:5      | Reached ** piety under Okawaru
  3505 | D:5      | Reached skill level 5 in Fighting
  3505 | D:5      | Reached skill level 6 in Long Blades
  3656 | D:5      | Reached skill level 5 in Shields
  3952 | D:6      | Got a transparent marble ring
  3984 | D:6      | Identified the ring of Ru's Castigation {+Fly rN++} (You found it on level 6 of the Dungeon)
  4474 | D:6      | Reached skill level 7 in Long Blades
  4736 | D:6      | Reached XP level 9. HP: 66/74 MP: 8/8
  4828 | D:7      | Reached *** piety under Okawaru
  5042 | D:7      | Reached skill level 5 in Armour
  5105 | D:7      | Got an ichor-stained mace
  5106 | D:7      | Identified the +4 mace "Xeupli" {antimagic, rPois Str+3 Dex+5} (You found it on level 7 of the Dungeon)
  5279 | D:7      | Found a glowing golden altar of the Shining One.
  5310 | D:7      | Reached skill level 8 in Long Blades
  5374 | D:7      | Found an ancient bone altar of Kikubaaqudgha.
  5824 | D:8      | Noticed a two-headed ogre
  5866 | D:8      | Killed a two-headed ogre
  5896 | D:7      | Reached XP level 10. HP: 63/84 MP: 9/9
  6123 | D:8      | Reached **** piety under Okawaru
  6243 | D:8      | Found an opulent altar of Gozag.
  6301 | D:8      | Found a shadowy altar of Dithmenos.
  6301 | D:8      | Found a faded altar of an unknown god.
  6306 | D:8      | Found a faded altar of an unknown god.
  6308 | D:8      | Found a faded altar of an unknown god.
  6309 | D:8      | Found a hazy altar of Hepliaklqana.
  6444 | D:8      | Noticed Maurice
  6485 | D:8      | Killed Maurice
  6485 | D:8      | Reached skill level 9 in Long Blades
  7084 | D:9      | Found a staircase to the Lair.
  7126 | D:9      | Found a staircase to the Orcish Mines.
  7508 | D:9      | Found a sacrificial altar of Ru.
  7604 | D:10     | Entered Level 10 of the Dungeon
  7604 | D:10     | Noticed Psyche
  7615 | D:10     | Killed Psyche
  7639 | D:10     | Noticed a hill giant
  7655 | D:10     | Killed a hill giant
  7655 | D:10     | Reached ***** piety under Okawaru
  8092 | D:10     | Reached skill level 10 in Long Blades
  8119 | D:10     | Found Lastrilih's Magic Scroll Emporium.
  8566 | D:10     | HP: 2/86 [wyvern (6)]
  8604 | D:10     | HP: 4/86 [slime creature (9)]
  9124 | D:10     | Noticed Fannar
  9169 | D:10     | Killed from afar by Fannar

Skill      XL: |  1  2  3  4  5  6  7  8  9 10 |
---------------+-------------------------------+-----
Long Blades    | 2 3 5 7 8 10 | 10.3
Armour         | 3 4 5 6 |  6.5
Shields        | 3 4 5 6 |  6.8
Dodging        | 1 2 3 |  3.1
Fighting       | 4 5 6 7 |  7.5
Stealth        | |  0.8
Invocations    | |  0.7
Evocations     | |  0.6

Action                   |  1- 3 |  4- 6 |  7- 9 | 10-12 || total
-------------------------+-------+-------+-------+-------++-------
Melee: Long sword        |   104 |   222 |   417 |   318 ||  1061
       Falchion          |       |       |       |   103 ||   103
Invok: Heroism           |       |       |       |     6 ||     6
Evoke: Wand              |       |       |     6 |     2 ||     8
  Use: Scroll            |       |     1 |    16 |       ||    17
       Potion            |       |       |       |     4 ||     4
  Eat: Chunk             |     4 |     9 |    25 |    15 ||    53
Armor: Scale mail        |    64 |    32 |       |       ||    96
       Chain mail        |       |   100 |   219 |    24 ||   343
       Plate armour      |       |       |       |   136 ||   136
Dodge: Dodged            |    44 |    52 |   105 |    68 ||   269
Block: Shield            |    83 |   114 |   182 |   166 ||   545
       Rpst.: Long sword |    17 |    18 |    29 |    15 ||    79
       Falchion          |       |       |       |     5 ||     5
